 Dungeon Crawl Stone Soup version 0.28-a0-1486-g8196b01e9b (webtiles) character file.

Game seed: 4477041103301811373

248 Nattfarinn the Sneak (level 6, -1/37 HPs)
             Began as a Kobold Brigand on Jan 12, 2022.
             Slain by a bullfrog (3 damage)
             ... in a sewer.
             The game lasted 00:04:57 (3648 turns).

Nattfarinn the Sneak (Kobold Brigand)               Turns: 3648, Time: 00:04:57

Health: -1/37      AC:  3    Str: 16    XL:     6   Next: 34%
Magic:  6/6        EV: 14    Int: 12    God:
Gold:   82         SH:  0    Dex: 18    Spells: 5/5 levels left

rFire   + + +      SeeInvis .   m - +10 whip of Rotax {vorpal, rF++ Str+7}
rCold   . . .      Faith    .   (no shield)
rNeg    . . .      Spirit   .   b - +0 robe
rPois   .          Reflect  .   (no helmet)
rElec   .          Harm     .   c - +0 cloak
rCorr   .          Rampage  .   (no gloves)
Will    .....                   (no boots)
Stlth   +++.......              (no amulet)
HPRegen 0.12/turn               n - ring of protection from fire
MPRegen 0.10/turn               (no ring)

@: very slow
A: small, no large weapons, nightstalker 3
a: no special abilities


You were in a sewer.
You visited 1 branch of the dungeon, and saw 3 of its levels.
You also visited: Sewer.

You collected 82 gold pieces.

Inventory:

Hand Weapons
 a - a +2 dagger
 m - the +10 whip of Rotax (weapon) {vorpal, rF++ Str+7}
   (You took it off a hobgoblin on level 3 of the Dungeon)

   It inflicts extra damage upon your enemies.
   Str:       It affects your strength (+7).
   rF:        It greatly protects you from fire.
Missiles
 d - 17 poisoned darts
 e - 2 curare-tipped darts (quivered)
Armour
 b - a +0 robe (worn)
 c - a +0 cloak (worn)
Jewellery
 n - a ring of protection from fire (left hand)
Scrolls
 i - a scroll of amnesia
 j - 5 scrolls of identify
 k - a scroll of summoning
Potions
 f - 4 potions of berserk rage {unknown}
 g - 4 potions of curing {unknown}
 h - 2 potions of flight {unknown}
 l - a potion of degeneration {unknown}
 p - a potion of mutation {unknown}
 r - a potion of heal wounds {unknown}


   Skills:
 + Level 3.3 Fighting
 * Level 5.2 Short Blades
 + Level 3.3 Throwing
 - Level 1.2 Dodging
 * Level 7.2 Stealth


You had 5 spell levels left.
You didn't know any spells.
Your spell library contained the following spells:

 Spells                   Type           Power      Damage    Failure   Level
 Static Discharge         Conj/Air       0%         N/A       45%         2
 Call Canine Familiar     Summ           0%         N/A       69%         3
 Conjure Flame            Conj/Fire      0%         6-21      69%         3
 Ignite Poison            Fire/Tmut/Pois 0%         N/A       69%         3
 Portal Projectile        Hex/Tloc       0%         N/A       69%         3
 Tukima's Dance           Hex            0%         N/A       69%         3
 Anguish                  Hex/Necr       0%         N/A       97%         4
 Leda's Liquefaction      Hex/Erth       0%         N/A       97%         4
 Sticky Flame             Conj/Fire      0%         2d3       97%         4
 Lightning Bolt           Conj/Air       0%         1d11      100%        5
 Enfeeble                 Hex            0%         N/A       100%        7
 Maxwell's Capacitive Co  Air            0%         ∞         100%        8


Dungeon Overview and Level Annotations

Branches:
Dungeon (3/15)              Sewer (1/1)

Altars:
Elyvilon


Innate Abilities, Weirdness & Mutations

You are small and have problems with some larger weapons.
You are completely attuned to the shadows.


Message History

The ball python bites you. The ball python grabs you.
The ball python constricts you. The ball python closely misses you.
The ball python barely misses you. The adder bites you but does no damage.
As you read the scroll labelled LARIRI MEYNG, it crumbles to dust.
You speak a Word of immense power!
It was a scroll of holy word.
The bullfrog closely misses you. The ball python closely misses you.
The ball python constricts you. The ball python closely misses you. x2
The adder misses you. The bullfrog hits you.
As you read the scroll labelled USINID GUVUSM, it crumbles to dust.
You assume a fearsome visage.
The bullfrog looks frightened! x2
The frilled lizard looks frightened!
The ball python looks frightened! x4
The adder looks frightened!
The ball python looks frightened!
The frilled lizard looks frightened!
It was a scroll of fear.
The ball python loses its grip on you. The ball python bites you.
The ball python barely misses you.
The ball python barely misses you. x2; The ball python misses you.
The ball python barely misses you.
The ball python bites you but does no damage.
The ball python misses you.
You hit the ball python.
You kill the ball python!
The bullfrog closely misses you. The bullfrog hits you.
The bullfrog barely misses you. The bullfrog barely misses you.
The bullfrog completely misses you. The bullfrog hits you.
The bullfrog barely misses you.
The bullfrog seems to regain its courage.
The ball python bites you but does no damage.
The ball python grabs you. The ball python constricts you.
The bullfrog hits you.
The ball python bites you but does no damage.
The ball python constricts you. The bullfrog closely misses you.
You escape the ball python's grasp.
The bullfrog completely misses you. The bullfrog hits you.
* * * LOW HITPOINT WARNING * * *
The bullfrog barely misses you.
The ball python hisses angrily.
The bullfrog hits you!
* * * LOW HITPOINT WARNING * * *
The bullfrog hits you.
You die...

....##
#......#
.....#
#......#
≈..≈.#
#...≈.##
≈≈≈≈≈#
#≈≈#≈≈≈#
≈≈≈≈≈#
#≈≈≈l≈≈#
≈≈≈≈≈#
#≈≈≈≈≈S#
≈≈≈≈≈#
#≈≈≈≈≈≈#
≈≈≈≈≈#
#≈≈≈≈FF#
≈≈≈≈≈#
#≈≈≈≈@≈#
≈≈≈≈≈#
#≈≈≈≈.≈#
≈...##
#≈≈≈≈.≈#
...≈≈#
#≈≈S#≈≈#
≈≈≈.≈#
#≈≈≈≈≈≈#
≈≈≈≈≈#
#≈≈≈≈≈≈#
≈≈≈≈≈#
#≈≈≈≈≈≈#
≈≈≈≈≈#
#≈≈≈≈≈≈#
≈≈≈≈≈#
#≈≈≈≈≈≈#


You could see 2 bullfrogs, 2 ball pythons and a frilled lizard.

Vanquished Creatures
  A bullfrog skeleton (D:3)
  8 adders
  5 river rats (Sewer)
  2 worms (D:2)
  3 dart slugs
  2 orcs (D:3)
  8 ball pythons
  5 endoplasms
  2 giant cockroaches
  3 goblins
  7 hobgoblins
  7 kobolds
  6 quokkas
  6 bats
  10 frilled lizards
  25 rats
100 creatures vanquished.

Notes
Turn   | Place    | Note
-------+----------+-------------------------------------------
     0 | D:1      | Nattfarinn the Kobold Brigand began the quest for the Orb.
     0 | D:1      | Reached XP level 1. HP: 12/12 MP: 1/1
   101 | D:1      | Reached XP level 2. HP: 17/17 MP: 2/2
   568 | D:1      | Reached XP level 3. HP: 22/22 MP: 3/3
  1178 | D:2      | Found a faded altar of an unknown god.
  1229 | D:2      | Found a white marble altar of Elyvilon.
  1301 | D:2      | Reached skill level 6 in Stealth
  1342 | D:2      | Reached XP level 4. HP: 27/27 MP: 4/4
  2536 | D:3      | Identified the +10 whip of Rotax {vorpal, rF++ Str+7}
  2598 | D:3      | Reached XP level 5. HP: 30/32 MP: 5/5
  2955 | D:3      | Found a glowing drain.
  2961 | Sewer    | Entered a sewer
  3145 | Sewer    | Reached skill level 7 in Stealth
  3145 | Sewer    | Reached XP level 6. HP: 33/37 MP: 6/6
  3205 | Sewer    | Reached skill level 5 in Short Blades
  3648 | Sewer    | Slain by a bullfrog

Illustrated notes

Levels and vault maps discovered:
D:1:      mushboom_english_gardens, layout_basic, minmay_misc_feat_cross,
          grunt_decor_resistance
D:2:      minmay_skewed_foursquare, layout_loops_ring, basic_altar,
          hellmonk_ecumenical_altar_lost_god
D:3:      layout_loops_ring, portal_sewer_entry_d
Sewer:    sewer_minmay_w

Skill      XL: |  1  2  3  4  5  6 |
---------------+-------------------+-----
Short Blades   | 3 4 5 |  5.2
Stealth        | 6 7 |  7.2
Fighting       | 3 |  3.3
Throwing       | 3 |  3.3
Dodging        | |  1.2

Action                   |  1- 3 |  4- 6 || total
-------------------------+-------+-------++-------
Melee: Dagger            |    70 |    83 ||   153
       Punch             |     1 |     4 ||     5
       Whip              |       |    98 ||    98
Throw: Dart              |       |     1 ||     1
  Use: Scroll            |       |     4 ||     4
 Stab: Sleeping          |    21 |    22 ||    43
       Distracted        |     1 |     1 ||     2
Armor: Robe              |     7 |    44 ||    51
Dodge: Dodged            |    32 |   193 ||   225

Table legend: (Time is in decaauts)
 A = Elapsed time spent in this place.
 B = Non-inter-level travel time spent in this place.
 C = Inter-level travel time spent in this place.
 D = Time resting spent in this place.
 E = Time spent auto-exploring this place.
 F = Levels seen in this place.
 G = Mean time per level.
                   A        B        C        D        E       F      G
               +--------+--------+--------+--------+--------+-----+--------+
         Total |   3677 |   3452 |    225 |    157 |   2729 |   4 |  919.2 |
       Dungeon |   2937 |   2712 |    225 |      0 |   2308 |   3 |  979.0 |
         Sewer |    739 |    739 |      0 |    157 |    421 |   1 |  739.0 |
               +--------+--------+--------+--------+--------+-----+--------+

Top non-repeatable levels by time:
     D:2: 1274 daAuts
     D:1: 1103 daAuts
   Sewer: 739 daAuts
     D:3: 560 daAuts
